[Event "Spanish Blitz Championship 2024"]
[Site "Mengibar"]
[Date "2024.08.16"]
[Round "9.1"]
[White "Lin, Yingrui"]
[Black "Ibarra Jerez, Jose Carlos"]
[Result "0-1"]
[ECO "A04"]
[WhiteElo "2378"]
[BlackElo "2559"]
[Annotator "ChessBase"]
[PlyCount "68"]
[EventDate "2024.08.12"]
[EventType "swiss"]
[EventCountry "ESP"]
[SourceTitle "playchess.com"]
[Source "ChessBase"]
[SourceQuality "1"]
[TimeControl "180+2"]

1. Nf3 d6 2. d4 g6 3. g3 Nf6 4. Bg2 Bg7 5. O-O O-O 6. Re1 Nbd7 7. e4 e5 8. c3 b6 9. Nbd2 Bb7 10. a4 Re8 11. a5 exd4 12. Nxd4 Nc5 13. a6 Bxe4 14. Nxe4 Ncxe4 15. g4 d5 16. g5 Nh5 17. Bxe4 dxe4 18. Nc6 Qc8 19. Ra4 Re6 20. Qd5 Qe8 21. Nd4 Rd8 22. Qxd8 Qxd8 23. Nxe6 fxe6 24. Raxe4 e5 25. Be3 Qd3 26. f3 Qxa6 27. Kf2 Qd3 28. Re2 Qb1 29. Rd2 Qh1 30. Rd8+ Kf7 31. Rd7+ Ke6 32. Rxc7 Qxh2+ 33. Ke1 Ng3 34. Bf4 Qg1+ 0-1

[Event "Spanish Blitz Championship 2024"]
[Site "Mengibar"]
[Date "2024.08.16"]
[Round "9.2"]
[White "Chigaev, Maksim"]
[Black "Santos Ruiz, Miguel"]
[Result "1-0"]
[ECO "B23"]
[WhiteElo "2628"]
[BlackElo "2601"]
[Annotator "ChessBase"]
[PlyCount "119"]
[EventDate "2024.08.12"]
[EventType "swiss"]
[EventCountry "ESP"]
[SourceTitle "playchess.com"]
[Source "ChessBase"]
[SourceQuality "1"]
[TimeControl "180+2"]

1. e4 c5 2. Nc3 a6 3. Nge2 b5 4. d4 cxd4 5. Nxd4 Bb7 6. Bd3 e6 7. O-O Nc6 8. Nxc6 Bxc6 9. Qe2 Nf6 10. e5 Nd5 11. Nxd5 Bxd5 12. a4 Bc5 13. Qg4 g6 14. Bh6 b4 15. Bg7 Rg8 16. Bf6 Be7 17. Qh4 Bxf6 18. exf6 h6 19. Rfe1 Qb6 20. a5 Qc5 21. Qxh6 Qd4 22. Qg5 Rh8 23. Qe5 Qxe5 24. Rxe5 d6 25. Re2 Kd7 26. b3 Rh4 27. Ra4 Bc6 28. Ra1 Rf4 29. g3 Rxf6 30. f4 d5 31. h4 Kd6 32. Kf2 Kc5 33. Ke3 e5 34. fxe5 Re8 35. Kd2 Rf3 36. Bxa6 Rxg3 37. Bd3 Rh3 38. Rf1 Re7 39. a6 Rxh4 40. Rf6 Rh8 41. e6 fxe6 42. Rexe6 Rxe6 43. Rxe6 g5 44. Rg6 Bb5 45. Bxb5 Kxb5 46. Rxg5 Kc5 47. a7 Kd4 48. Rg4+ Kc5 49. Rg7 Kd4 50. Rc7 Rh2+ 51. Ke1 Rh1+ 52. Ke2 Ra1 53. Kf3 Ra6 54. Kf4 Rf6+ 55. Kg5 Ra6 56. Kf5 Ke3 57. Ke5 d4 58. Kd5 d3 59. cxd3 Kxd3 60. Kc5 1-0

[Event "Spanish Blitz Championship 2024"]
[Site "Mengibar"]
[Date "2024.08.16"]
[Round "9.4"]
[White "Gines Esteo, Pedro Antonio"]
[Black "Shirov, Alexei"]
[Result "1/2-1/2"]
[ECO "A06"]
[WhiteElo "2477"]
[BlackElo "2665"]
[Annotator "ChessBase"]
[PlyCount "93"]
[EventDate "2024.08.12"]
[EventType "swiss"]
[EventCountry "ESP"]
[SourceTitle "playchess.com"]
[Source "ChessBase"]
[SourceQuality "1"]
[TimeControl "180+2"]

1. Nf3 d5 2. e3 Nf6 3. c4 c6 4. Nc3 Nbd7 5. cxd5 cxd5 6. d4 a6 7. Bd3 b5 8. O-O Bb7 9. b3 e6 10. Bb2 Be7 11. a4 b4 12. Ne2 O-O 13. a5 Ne4 14. Ng3 f5 15. Qe2 Qb8 16. Rfc1 Rc8 17. Rxc8+ Qxc8 18. Ne1 Qc7 19. Qd1 Nc3 20. Qd2 Rc8 21. Ne2 Nf6 22. f3 Bd6 23. g3 g5 24. Rc1 Qxa5 25. Nxc3 bxc3 26. Rxc3 Bb4 27. Rxc8+ Bxc8 28. Qc2 Bd7 29. Ng2 g4 30. fxg4 Nxg4 31. h3 Nf6 32. Nf4 Bd6 33. Bc3 Qc7 34. Be1 Qxc2 35. Bxc2 Kf7 36. Bd3 Bb5 37. Bc2 Ne4 38. Kh2 Bc6 39. g4 fxg4 40. hxg4 e5 41. Ne2 Bb5 42. Nc3 Nxc3 43. Bxc3 e4+ 44. Kh3 Bf1+ 45. Kh4 Kg6 46. Be1 Bg3+ 47. Bxg3 1/2-1/2

[Event "Spanish Blitz Championship 2024"]
[Site "Mengibar"]
[Date "2024.08.16"]
[Round "9.5"]
[White "Martin Carmona, Gaston Manuel"]
[Black "Tejedor Fuente, Enrique"]
[Result "0-1"]
[ECO "D26"]
[WhiteElo "2340"]
[BlackElo "2387"]
[Annotator "ChessBase"]
[PlyCount "74"]
[EventDate "2024.08.12"]
[EventType "swiss"]
[EventCountry "ESP"]
[SourceTitle "playchess.com"]
[Source "ChessBase"]
[SourceQuality "1"]
[TimeControl "180+2"]

1. d4 d5 2. Nf3 Nf6 3. c4 dxc4 4. e3 e6 5. Bxc4 c5 6. O-O Nc6 7. Qe2 Be7 8. Rd1 cxd4 9. exd4 O-O 10. Nc3 Nb4 11. a3 Nbd5 12. Bd3 Bd7 13. Ne5 Rc8 14. Nxd5 Nxd5 15. Qe4 g6 16. Bh6 Re8 17. Qf3 Bf6 18. Rac1 Qe7 19. Be4 Ba4 20. Re1 Rxc1 21. Rxc1 Bc6 22. g3 Rd8 23. Nxc6 bxc6 24. Rxc6 Bxd4 25. h4 Nf6 26. Bg5 Bxb2 27. a4 h5 28. Kg2 Kg7 29. Qb3 Bd4 30. Qc2 Rd7 31. Rc8 Qd6 32. Qc1 Nxe4 33. Bh6+ Kf6 34. Qc2 Qd5 35. Kh2 Nxf2 36. Qc1 Ng4+ 37. Kh3 Nxh6 0-1

[Event "Spanish Blitz Championship 2024"]
[Site "Mengibar"]
[Date "2024.08.16"]
[Round "9.6"]
[White "Lopez Varela, Pablo"]
[Black "Pichot, Alan"]
[Result "0-1"]
[ECO "B21"]
[WhiteElo "2362"]
[BlackElo "2638"]
[Annotator "ChessBase"]
[PlyCount "114"]
[EventDate "2024.08.12"]
[EventType "swiss"]
[EventCountry "ESP"]
[SourceTitle "playchess.com"]
[Source "ChessBase"]
[SourceQuality "1"]
[TimeControl "180+2"]

1. e4 c5 2. d4 cxd4 3. c3 Nf6 4. e5 Nd5 5. Nf3 d6 6. Qxd4 e6 7. Nbd2 Nc6 8. Bb5 Bd7 9. Bxc6 Bxc6 10. Nc4 dxe5 11. Nfxe5 Bb5 12. a4 Ba6 13. b4 Bxc4 14. Nxc4 Be7 15. Ne5 Bf6 16. f4 Qc7 17. Bd2 Rd8 18. Qc5 Bxe5 19. fxe5 Qxe5+ 20. Kf1 b6 21. Qb5+ Kf8 22. Re1 Qf6+ 23. Kg1 Nxc3 24. Bxc3 Qxc3 25. Qe2 Rd2 26. Qe4 Qd4+ 27. Qxd4 Rxd4 28. Rb1 Ke7 29. h3 Rc8 30. Kh2 Rc2 31. a5 Rdd2 32. Rhg1 b5 33. Rbc1 e5 34. Rcd1 Ke6 35. Rxd2 Rxd2 36. Rc1 Rd4 37. Rc6+ Kd7 38. Ra6 Rxb4 39. Rxa7+ Ke6 40. Rb7 Rb2 41. Rb6+ Kf5 42. a6 b4 43. a7 Ra2 44. Rb7 Kg6 45. h4 h5 46. Kg3 b3 47. Kf3 b2 48. Rxb2 Rxa7 49. Rb3 Rd7 50. g3 Kf5 51. Rb4 f6 52. Kf2 Rd4 53. Rb7 g6 54. Rf7 Ra4 55. Rf8 Ra2+ 56. Kf3 e4+ 57. Ke3 Rg2 0-1

[Event "Spanish Blitz Championship 2024"]
[Site "Mengibar"]
[Date "2024.08.16"]
[Round "9.7"]
[White "Herrera Reyes, Jose Antonio"]
[Black "Vazquez Igarza, Renier"]
[Result "0-1"]
[ECO "A05"]
[WhiteElo "2335"]
[BlackElo "2504"]
[Annotator "ChessBase"]
[PlyCount "104"]
[EventDate "2024.08.12"]
[EventType "swiss"]
[EventCountry "ESP"]
[SourceTitle "playchess.com"]
[Source "ChessBase"]
[SourceQuality "1"]
[TimeControl "180+2"]

1. Nf3 Nf6 2. g3 b6 3. Bg2 Bb7 4. d3 g6 5. Nc3 Bg7 6. h4 c5 7. e4 Nc6 8. h5 Nxh5 9. Bg5 h6 10. Be3 Nf6 11. Rh4 g5 12. Rh1 d6 13. Qd2 Rg8 14. O-O-O Ng4 15. d4 Nxe3 16. fxe3 Qd7 17. Qf2 O-O-O 18. Kb1 Kb8 19. Nd5 e6 20. Nc3 Qe7 21. Ne2 Rgf8 22. Nd2 f5 23. exf5 exf5 24. Rhe1 d5 25. Nc3 Na5 26. Qg1 Qd6 27. Qh1 c4 28. g4 fxg4 29. e4 Bxd4 30. Nb5 Qc5 31. Qh2+ Kc8 32. Nxa7+ Kd7 33. exd5 Qb4 34. Nxc4 Nxc4 35. b3 Qa3 36. Re7+ Qxe7 37. Nb5 Be5 38. Qxh6 Na3+ 39. Nxa3 Qxa3 40. Qe6+ Kc7 41. Qxe5+ Qd6 42. Qxg5 Bc8 43. Be4 Rde8 44. Bd3 Re5 45. Qg7+ Kb8 46. a4 Rxd5 47. Ka2 Rd8 48. Qh7 Qc7 49. Qe4 Bb7 50. Qxg4 Ba6 51. c4 Rxd3 52. Rxd3 Rxd3 0-1

[Event "Spanish Blitz Championship 2024"]
[Site "Mengibar"]
[Date "2024.08.16"]
[Round "9.8"]
[White "Rottenwohrer Suarez, Juan"]
[Black "Khamrakulov, Ibragim S."]
[Result "0-1"]
[ECO "E12"]
[WhiteElo "2338"]
[BlackElo "2403"]
[Annotator "ChessBase"]
[PlyCount "108"]
[EventDate "2024.08.12"]
[EventType "swiss"]
[EventCountry "ESP"]
[SourceTitle "playchess.com"]
[Source "ChessBase"]
[SourceQuality "1"]
[TimeControl "180+2"]

1. d4 Nf6 2. c4 e6 3. Nf3 b6 4. a3 d5 5. cxd5 exd5 6. Bf4 Bd6 7. Bg3 O-O 8. Nc3 c5 9. e3 Ne4 10. Rc1 Be6 11. Bxd6 Nxc3 12. Rxc3 Qxd6 13. Bd3 c4 14. Bb1 Nd7 15. O-O f5 16. Ng5 h6 17. Nxe6 Qxe6 18. b3 b5 19. bxc4 bxc4 20. Qa4 Nb6 21. Qa6 Qc8 22. Qa5 Qc6 23. Bc2 g6 24. Rb1 Rfb8 25. a4 Nxa4 26. Rxb8+ Rxb8 27. Ra3 Nb6 28. h4 h5 29. Qxa7 Ra8 30. Qe7 Rxa3 31. Qxa3 Kf7 32. Qa6 c3 33. g3 Ke6 34. Kg2 Kd6 35. Qa7 Qc7 36. Qa3+ Ke6 37. Qf8 Nc4 38. Qe8+ Kf6 39. Qh8+ Qg7 40. Qd8+ Ke6 41. Ba4 Qe7 42. Qg8+ Qf7 43. Qc8+ Kf6 44. Qd8+ Qe7 45. Qh8+ Ke6 46. Qg8+ Qf7 47. Qc8+ Kf6 48. Qd8+ Kg7 49. Bb3 Qe6 50. Qc7+ Kh6 51. Kh2 Qb6 52. Qf7 Qd8 53. Bxc4 c2 54. Bxd5 c1=Q 0-1

[Event "Spanish Blitz Championship 2024"]
[Site "Mengibar"]
[Date "2024.08.16"]
[Round "10.1"]
[White "Shirov, Alexei"]
[Black "Ibarra Jerez, Jose Carlos"]
[Result "1/2-1/2"]
[ECO "B45"]
[WhiteElo "2665"]
[BlackElo "2559"]
[Annotator "ChessBase"]
[PlyCount "30"]
[EventDate "2024.08.12"]
[EventType "swiss"]
[EventCountry "ESP"]
[SourceTitle "playchess.com"]
[Source "ChessBase"]
[SourceQuality "1"]
[TimeControl "180+2"]

1. e4 c5 2. Nf3 Nc6 3. d4 cxd4 4. Nxd4 e6 5. Nc3 Bc5 6. Nb3 Bb4 7. Bd2 Nf6 8. Qe2 O-O 9. O-O-O d5 10. exd5 exd5 11. a3 Re8 12. Qd3 Ne5 13. Qd4 Nc6 14. Qd3 Ne5 15. Qd4 Nc6 1/2-1/2

[Event "Spanish Blitz Championship 2024"]
[Site "Mengibar"]
[Date "2024.08.16"]
[Round "10.2"]
[White "Santos Ruiz, Miguel"]
[Black "Horcajuelo Rocamora, Martin"]
[Result "1-0"]
[ECO "B51"]
[WhiteElo "2601"]
[BlackElo "2295"]
[Annotator "ChessBase"]
[PlyCount "65"]
[EventDate "2024.08.12"]
[EventType "swiss"]
[EventCountry "ESP"]
[SourceTitle "playchess.com"]
[Source "ChessBase"]
[SourceQuality "1"]
[TimeControl "180+2"]

1. e4 c5 2. Nf3 d6 3. Bb5+ Nd7 4. a4 Ngf6 5. Nc3 a6 6. Be2 e5 7. Bc4 Be7 8. d3 h6 9. h3 Nb8 10. Nd5 Nxd5 11. Bxd5 Nd7 12. c3 Nf6 13. Bc4 b6 14. Qb3 O-O 15. g4 Ne8 16. Rg1 Nc7 17. g5 h5 18. Bxf7+ Rxf7 19. g6 Be6 20. gxf7+ Kxf7 21. Qd1 g6 22. Ng5+ Bxg5 23. Bxg5 Qf8 24. f4 Ke8 25. fxe5 dxe5 26. Rf1 Qg8 27. Qf3 Kd7 28. Qf6 Re8 29. Rf3 Bb3 30. Qxb6 Be6 31. Qxc5 Qg7 32. O-O-O Rb8 33. d4 1-0

[Event "Spanish Blitz Championship 2024"]
[Site "Mengibar"]
[Date "2024.08.16"]
[Round "10.4"]
[White "Santos Latasa, Jaime"]
[Black "Pichot, Alan"]
[Result "1/2-1/2"]
[ECO "E94"]
[WhiteElo "2624"]
[BlackElo "2638"]
[Annotator "ChessBase"]
[PlyCount "64"]
[EventDate "2024.08.12"]
[EventType "swiss"]
[EventCountry "ESP"]
[SourceTitle "playchess.com"]
[Source "ChessBase"]
[SourceQuality "1"]
[TimeControl "180+2"]

1. Nf3 Nf6 2. c4 g6 3. Nc3 Bg7 4. e4 O-O 5. d4 d6 6. Be2 e5 7. O-O Bg4 8. Be3 Bxf3 9. Bxf3 exd4 10. Bxd4 Nc6 11. Be3 Nd7 12. Rc1 Bxc3 13. Rxc3 Qf6 14. Be2 Nc5 15. f3 a5 16. Qd2 Rfe8 17. Rcc1 a4 18. Rfd1 Qe5 19. Bf1 f5 20. Bf4 Qe6 21. exf5 Qxf5 22. Re1 Ne5 23. Bg3 Ncd3 24. Bxd3 Nxd3 25. Rxe8+ Rxe8 26. Rd1 Nc5 27. Bf2 b6 28. h3 Re6 29. Bd4 Re7 30. Re1 Rxe1+ 31. Qxe1 Nd3 32. Be3 Nf4 1/2-1/2

[Event "Spanish Blitz Championship 2024"]
[Site "Mengibar"]
[Date "2024.08.16"]
[Round "10.5"]
[White "Tejedor Fuente, Enrique"]
[Black "Gines Esteo, Pedro Antonio"]
[Result "0-1"]
[ECO "A22"]
[WhiteElo "2387"]
[BlackElo "2477"]
[Annotator "ChessBase"]
[PlyCount "219"]
[EventDate "2024.08.12"]
[EventType "swiss"]
[EventCountry "ESP"]
[SourceTitle "playchess.com"]
[Source "ChessBase"]
[SourceQuality "1"]
[TimeControl "180+2"]

1. c4 e5 2. Nc3 Nf6 3. d3 d5 4. cxd5 Nxd5 5. Nf3 Nc6 6. e3 Be7 7. Be2 O-O 8. O-O Be6 9. Bd2 Nb6 10. a3 a5 11. Na4 Nxa4 12. Qxa4 Bd6 13. Rac1 h6 14. Rfd1 Ne7 15. Qb5 Bd5 16. Bc3 Bc6 17. Qb3 a4 18. Qc2 Bd5 19. Qb1 Ng6 20. Nd2 Qe7 21. Nf1 Qg5 22. Ng3 f5 23. e4 fxe4 24. dxe4 Be6 25. Bd2 Nf4 26. Bf1 Qh4 27. Be3 b6 28. Qc2 Kh8 29. Rd2 Ra5 30. Nf5 Bxf5 31. exf5 Qf6 32. g3 Re8 33. Rcd1 Nh5 34. Qe4 Rf8 35. Bh3 Qe7 36. Qc6 Nf6 37. Qc4 Bc5 38. Bxc5 Rxc5 39. Qxa4 e4 40. Qd4 Re5 41. Qe3 c6 42. Rd4 Nd5 43. Qe2 e3 44. f4 Re4 45. Rxe4 Qxe4 46. Bg2 Qa4 47. Bxd5 cxd5 48. Rxd5 Re8 49. Re5 Rxe5 50. fxe5 Qe4 51. e6 Qb1+ 52. Kg2 Qe4+ 53. Qf3 Qc2+ 54. Kf1 Qc1+ 55. Kg2 Qd2+ 56. Kh3 e2 57. f6 e1=Q 58. f7 Qd6 59. f8=Q+ Qxf8 60. Qxf8+ Kh7 61. Qf5+ Kh8 62. Qg4 Qe5 63. Kg2 Qxb2+ 64. Kh3 Qe5 65. Qg6 Qe2 66. Qe8+ Kh7 67. Qf7 h5 68. Qf5+ g6 69. Qf7+ Kh6 70. Qf8+ Kh7 71. Qf7+ Kh6 72. Qf4+ Kg7 73. Qd4+ Kh7 74. Qd7+ Kh6 75. Qf7 Qg4+ 76. Kg2 Qe2+ 77. Kh3 Qg4+ 78. Kg2 Qe2+ 79. Kg1 Qe1+ 80. Kg2 Qe2+ 81. Qf2 Qxe6 82. Qf8+ Kh7 83. Qf2 Qd5+ 84. Kg1 Qc6 85. Qe3 Qf6 86. Qd3 Qe6 87. Kf2 Qf6+ 88. Kg1 Qe6 89. Qc3 Qd6 90. Qe3 Qc7 91. Kg2 Qb7+ 92. Kg1 Qc7 93. Kg2 Qc6+ 94. Kf2 Qd6 95. Ke2 Qc6 96. Qe7+ Kh6 97. Qe3+ Kg7 98. Qd4+ Kf7 99. Qf4+ Ke6 100. Qh6 Qe4+ 101. Kd2 Kd5 102. Qg7 Qd4+ 103. Qxd4+ Kxd4 104. Kc2 g5 105. h3 Ke3 106. Kc3 Kf3 107. g4 hxg4 108. hxg4 Kxg4 109. Kc4 Kf5 110. Kb5 0-1

[Event "Spanish Blitz Championship 2024"]
[Site "Mengibar"]
[Date "2024.08.16"]
[Round "10.6"]
[White "Vazquez Igarza, Renier"]
[Black "Domingo Nunez, Ruben"]
[Result "0-1"]
[ECO "A40"]
[WhiteElo "2504"]
[BlackElo "2406"]
[Annotator "ChessBase"]
[PlyCount "108"]
[EventDate "2024.08.12"]
[EventType "swiss"]
[EventCountry "ESP"]
[SourceTitle "playchess.com"]
[Source "ChessBase"]
[SourceQuality "1"]
[TimeControl "180+2"]

1. d4 g6 2. Nf3 Bg7 3. Bf4 d6 4. e3 Nf6 5. h3 O-O 6. Be2 Nbd7 7. Bh2 b6 8. c4 Bb7 9. O-O Ne4 10. Nfd2 Nxd2 11. Qxd2 e5 12. Nc3 Qg5 13. d5 a5 14. f4 exf4 15. exf4 Qf6 16. Kh1 a4 17. f5 a3 18. fxg6 axb2 19. Ne4 Qxg6 20. Rae1 Rxa2 21. Qe3 Re8 22. Bg4 Ra1 23. Bf5 Qh6 24. Qf2 Rxe1 25. Rxe1 Ne5 26. Qxb2 Qh4 27. Bg3 Qh5 28. Rf1 Qh6 29. Qf2 Rf8 30. Bf4 Qh5 31. Bg5 f6 32. Be6+ Kh8 33. Bf4 Qg6 34. Ng3 f5 35. Be3 Nd3 36. Qf3 f4 37. Bf5 fxe3 38. Bxg6 Rxf3 39. Rxf3 hxg6 40. Rxe3 Ne5 41. Ra3 Nxc4 42. Ra7 Bxd5 43. Rxc7 Be5 44. Ne2 Ne3 45. Kg1 b5 46. Nc1 b4 47. Nd3 Bd4 48. Kf2 Nd1+ 49. Kg3 b3 50. Rd7 Bc4 51. Nf4 Be5 52. Rb7 b2 53. Kg4 Bxf4 54. Kxf4 Bd3 0-1

[Event "Spanish Blitz Championship 2024"]
[Site "Mengibar"]
[Date "2024.08.16"]
[Round "10.7"]
[White "Khamrakulov, Ibragim S."]
[Black "Valmana Canto, Jaime"]
[Result "1-0"]
[ECO "C07"]
[WhiteElo "2403"]
[BlackElo "2376"]
[Annotator "ChessBase"]
[PlyCount "61"]
[EventDate "2024.08.12"]
[EventType "swiss"]
[EventCountry "ESP"]
[SourceTitle "playchess.com"]
[Source "ChessBase"]
[SourceQuality "1"]
[TimeControl "180+2"]

1. e4 e6 2. d4 d5 3. Nd2 c5 4. exd5 Qxd5 5. Ngf3 cxd4 6. Bc4 Qd7 7. O-O Nc6 8. Nb3 Nf6 9. Nbxd4 Nxd4 10. Nxd4 a6 11. c3 Qc7 12. Bb3 Bd6 13. h3 Bh2+ 14. Kh1 Bf4 15. Qf3 Bxc1 16. Raxc1 O-O 17. Rfd1 Bd7 18. Rd2 Rad8 19. Rcd1 Qc8 20. Qe3 Qc7 21. Nf3 Bc6 22. Qe5 Qe7 23. Nd4 Bd5 24. Nf5 Qc5 25. Bxd5 Rxd5 26. Rxd5 exd5 27. Nxg7 Ne4 28. Nh5 f6 29. Qe6+ Kh8 30. Rxd5 Qxf2 31. Qxe4 1-0

[Event "Spanish Blitz Championship 2024"]
[Site "Mengibar"]
[Date "2024.08.16"]
[Round "10.8"]
[White "Luque Saiz, Andres"]
[Black "Moreno Tejera, Emilio"]
[Result "0-1"]
[ECO "B21"]
[WhiteElo "2372"]
[BlackElo "2422"]
[Annotator "ChessBase"]
[PlyCount "54"]
[EventDate "2024.08.12"]
[EventType "swiss"]
[EventCountry "ESP"]
[SourceTitle "playchess.com"]
[Source "ChessBase"]
[SourceQuality "1"]
[TimeControl "180+2"]

1. e4 c5 2. d4 cxd4 3. c3 d5 4. exd5 Qxd5 5. cxd4 Nf6 6. Nc3 Qd6 7. Nf3 e6 8. Nb5 Qd8 9. Bg5 Nc6 10. Bxf6 gxf6 11. a3 Bg7 12. d5 exd5 13. Qxd5 Qe7+ 14. Be2 O-O 15. Nc3 f5 16. Qd2 Re8 17. O-O Be6 18. Rfe1 Rad8 19. Qf4 Nd4 20. Nxd4 Rxd4 21. Qf3 Red8 22. Rad1 a6 23. Rxd4 Rxd4 24. h3 Rd2 25. Rd1 Rxb2 26. Nd5 Bxd5 27. Qxd5 Rxe2 0-1

[Event "Spanish Blitz Championship 2024"]
[Site "Mengibar"]
[Date "2024.08.16"]
[Round "11.1"]
[White "Ibarra Jerez, Jose Carlos"]
[Black "Moreno Trujillo, Alejandro"]
[Result "1-0"]
[ECO "C14"]
[WhiteElo "2559"]
[BlackElo "2485"]
[Annotator "ChessBase"]
[PlyCount "83"]
[EventDate "2024.08.12"]
[EventType "swiss"]
[EventCountry "ESP"]
[SourceTitle "playchess.com"]
[Source "ChessBase"]
[SourceQuality "1"]
[TimeControl "180+2"]

1. e4 e6 2. d4 d5 3. Nc3 Nf6 4. Bg5 Be7 5. e5 Nfd7 6. Bxe7 Qxe7 7. Qg4 O-O 8. Bd3 c5 9. Nf3 f5 10. exf6 Nxf6 11. Qh4 g6 12. dxc5 Nc6 13. O-O-O Qxc5 14. Rhe1 Bd7 15. Ng5 Qe7 16. f4 Rae8 17. Kb1 Qg7 18. Nb5 Re7 19. Nd6 b6 20. Bb5 h6 21. Nf3 Nd8 22. Bd3 Nc6 23. Re3 Ne8 24. Nxe8 Bxe8 25. Rde1 Bd7 26. a3 Ref7 27. g3 g5 28. Qh5 Rf6 29. fxg5 hxg5 30. Ne5 Be8 31. Qg4 Ne7 32. Nf3 Nf5 33. Rxe6 Nh6 34. Qb4 Bd7 35. Re7 R6f7 36. Rxf7 Nxf7 37. Nd4 Ne5 38. Rd1 Bg4 39. Rd2 Bh5 40. Qd6 Bf7 41. Nf5 Qh8 42. Ne7+ 1-0

[Event "Spanish Blitz Championship 2024"]
[Site "Mengibar"]
[Date "2024.08.16"]
[Round "11.2"]
[White "Domingo Nunez, Ruben"]
[Black "Santos Ruiz, Miguel"]
[Result "1/2-1/2"]
[ECO "A06"]
[WhiteElo "2406"]
[BlackElo "2601"]
[Annotator "ChessBase"]
[PlyCount "99"]
[EventDate "2024.08.12"]
[EventType "swiss"]
[EventCountry "ESP"]
[SourceTitle "playchess.com"]
[Source "ChessBase"]
[SourceQuality "1"]
[TimeControl "180+2"]

1. Nf3 d5 2. g3 c6 3. Bg2 Bg4 4. d4 e6 5. O-O Nd7 6. c4 Bd6 7. h3 Bxf3 8. Bxf3 f5 9. b4 Ngf6 10. b5 Ne4 11. bxc6 bxc6 12. cxd5 cxd5 13. Qa4 O-O 14. Ba3 Nb6 15. Qa6 Bxa3 16. Nxa3 Qf6 17. Nb5 Rf7 18. Rac1 Nc4 19. Bxe4 fxe4 20. Nd6 Nxd6 21. Qxd6 Rd8 22. Qe5 Qxe5 23. dxe5 Rf5 24. Rc7 Rxe5 25. Rb1 a5 26. h4 Kh8 27. Rbb7 Rg8 28. Rd7 Rf5 29. Ra7 Rff8 30. Rxa5 Ra8 31. Raa7 Rxa7 32. Rxa7 h6 33. a4 Rc8 34. e3 Kg8 35. Re7 Rc6 36. a5 Ra6 37. g4 Kf8 38. Rb7 Rxa5 39. Kg2 Ra8 40. g5 hxg5 41. hxg5 Re8 42. g6 e5 43. Rd7 Re6 44. Rxd5 Rxg6+ 45. Kf1 Rg5 46. Rd7 Kg8 47. Ra7 Kh7 48. Ra4 Rg4 49. Ra5 Rg5 50. Ra4 1/2-1/2

[Event "Spanish Blitz Championship 2024"]
[Site "Mengibar"]
[Date "2024.08.16"]
[Round "11.3"]
[White "Gines Esteo, Pedro Antonio"]
[Black "Chigaev, Maksim"]
[Result "0-1"]
[ECO "A05"]
[WhiteElo "2477"]
[BlackElo "2628"]
[Annotator "ChessBase"]
[PlyCount "102"]
[EventDate "2024.08.12"]
[EventType "swiss"]
[EventCountry "ESP"]
[SourceTitle "playchess.com"]
[Source "ChessBase"]
[SourceQuality "1"]
[TimeControl "180+2"]

1. Nf3 Nf6 2. c4 g6 3. Nc3 Bg7 4. e4 d6 5. d4 O-O 6. h3 e5 7. dxe5 dxe5 8. Qxd8 Rxd8 9. Be3 Nc6 10. Rd1 Be6 11. Ng5 Rxd1+ 12. Kxd1 Rd8+ 13. Kc1 Bc8 14. Nd5 Ne8 15. Nf3 h6 16. Be2 Nd4 17. Bxd4 exd4 18. Ne7+ Kf8 19. Nxc8 Rxc8 20. Bd3 c5 21. Kc2 Nc7 22. Rb1 h5 23. h4 a6 24. a3 Ne6 25. g3 b5 26. b3 Rb8 27. Kd1 Bf6 28. Ke2 Kg7 29. e5 Be7 30. Be4 Rd8 31. Bd5 Nc7 32. Be4 Rb8 33. Ne1 a5 34. cxb5 Nxb5 35. Kf3 Nxa3 36. Rb2 c4 37. Bd5 a4 38. b4 Rxb4 39. Ra2 Rb3+ 40. Ke4 d3 41. Kd4 Bb4 42. Bxc4 Nxc4 43. Nxd3 Nb6 44. f4 a3 45. f5 gxf5 46. Nf4 Kh6 47. e6 fxe6 48. Nxe6 Rb2 49. Ra1 a2 50. Ke5 Bc3+ 51. Kxf5 Rf2+ 0-1

[Event "Spanish Blitz Championship 2024"]
[Site "Mengibar"]
[Date "2024.08.16"]
[Round "11.4"]
[White "Iturrizaga Bonelli, Eduardo"]
[Black "Shirov, Alexei"]
[Result "1/2-1/2"]
[ECO "D45"]
[WhiteElo "2577"]
[BlackElo "2665"]
[Annotator "ChessBase"]
[PlyCount "54"]
[EventDate "2024.08.12"]
[EventType "swiss"]
[EventCountry "ESP"]
[SourceTitle "playchess.com"]
[Source "ChessBase"]
[SourceQuality "1"]
[TimeControl "180+2"]

1. c4 c6 2. Nf3 d5 3. e3 Nf6 4. Nc3 Nbd7 5. d4 e6 6. Qc2 Bd6 7. b3 O-O 8. Be2 e5 9. cxd5 cxd5 10. Nb5 Bb4+ 11. Bd2 Bxd2+ 12. Nxd2 e4 13. O-O Nb6 14. Rfc1 Bg4 15. Bxg4 Nxg4 16. Qc7 Qh4 17. Qf4 g5 18. Qg3 Qxg3 19. hxg3 f5 20. Rc7 Rac8 21. Rac1 Rxc7 22. Rxc7 Rc8 23. Rxb7 Rc2 24. Nf1 Rxf2 25. Nxa7 Rxa2 26. Nc6 Ra1 27. Ne7+ Kf7 1/2-1/2

[Event "Spanish Blitz Championship 2024"]
[Site "Mengibar"]
[Date "2024.08.16"]
[Round "11.5"]
[White "Pichot, Alan"]
[Black "Khamrakulov, Ibragim S."]
[Result "1-0"]
[ECO "B41"]
[WhiteElo "2638"]
[BlackElo "2403"]
[Annotator "ChessBase"]
[PlyCount "108"]
[EventDate "2024.08.12"]
[EventType "swiss"]
[EventCountry "ESP"]
[SourceTitle "playchess.com"]
[Source "ChessBase"]
[SourceQuality "1"]
[TimeControl "180+2"]

1. e4 c5 2. Nf3 e6 3. d4 cxd4 4. Nxd4 a6 5. c4 Nc6 6. Nc3 Bc5 7. Nxc6 bxc6 8. e5 d5 9. exd6 Bxd6 10. g3 Nf6 11. Bg2 Qc7 12. O-O O-O 13. b3 Rd8 14. Qe2 Bb7 15. Bb2 c5 16. Bxb7 Qxb7 17. Rad1 Bc7 18. Na4 Qc6 19. Bxf6 gxf6 20. Qg4+ Kf8 21. Qh5 Be5 22. Qxh7 Bd4 23. Qc2 Ke7 24. Nc3 Rh8 25. Qe4 Qxe4 26. Nxe4 e5 27. Rfe1 Rh3 28. Kg2 Rah8 29. Rh1 f5 30. Ng5 R3h6 31. Nf3 Rd6 32. Rhe1 f6 33. Nh4 Ke6 34. Ng6 Ra8 35. Nf4+ Kf7 36. Nd5 Rc6 37. h3 a5 38. g4 fxg4 39. hxg4 a4 40. Rh1 axb3 41. axb3 Rg8 42. Rh7+ Rg7 43. Rdh1 Ra6 44. R1h6 Rxh7 45. Rxh7+ Kg6 46. Rh5 Kg7 47. Rf5 Kg6 48. Kf3 Kg7 49. Ke4 Kg6 50. f4 exf4 51. Nxf4+ Kg7 52. Kd5 Kf7 53. Nd3 Rb6 54. b4 cxb4 1-0

[Event "Spanish Blitz Championship 2024"]
[Site "Mengibar"]
[Date "2024.08.16"]
[Round "11.6"]
[White "Martin Carmona, Gaston Manuel"]
[Black "Santos Latasa, Jaime"]
[Result "0-1"]
[ECO "A46"]
[WhiteElo "2340"]
[BlackElo "2624"]
[Annotator "ChessBase"]
[PlyCount "118"]
[EventDate "2024.08.12"]
[EventType "swiss"]
[EventCountry "ESP"]
[SourceTitle "playchess.com"]
[Source "ChessBase"]
[SourceQuality "1"]
[TimeControl "180+2"]

1. d4 Nf6 2. Nf3 e6 3. c4 d5 4. g3 Bb4+ 5. Bd2 Be7 6. Bg2 Nbd7 7. Qc2 c6 8. O-O Ne4 9. Nc3 Nxd2 10. Nxd2 O-O 11. e3 Rb8 12. cxd5 exd5 13. Nf3 Re8 14. Rab1 a5 15. Na4 Bf8 16. a3 g6 17. b4 axb4 18. axb4 Nb6 19. Nc5 Bf5 20. Nd3 Nc4 21. Nh4 Na3 22. Qb3 Nxb1 23. Rxb1 Bxd3 24. Qxd3 Rc8 25. Bh3 Ra8 26. Qb3 b5 27. Qc3 Qd6 28. Nf3 Bg7 29. Rc1 Ra6 30. Ne1 Rea8 31. Kg2 Qe7 32. Bg4 h5 33. Bf3 h4 34. Nd3 Bf6 35. g4 Kg7 36. Nf4 R8a7 37. Qe1 Qd7 38. h3 Be7 39. Nd3 Bd6 40. e4 Ra3 41. Nc5 Bxc5 42. Rxc5 Qe7 43. e5 R7a6 44. Qd2 Rb3 45. Qc1 Rxb4 46. Rxc6 Rxc6 47. Qxc6 Rxd4 48. Bxd5 Qxe5 49. Bf3 b4 50. Qb7 Rf4 51. Bd5 Qe2 52. Qb6 Qe5 53. Qc6 Qd4 54. f3 Qd2+ 55. Kf1 Rd4 56. g5 Qd1+ 57. Kf2 Rd2+ 58. Ke3 Rxd5 59. Qf6+ Kg8 0-1